 Dungeon Crawl Stone Soup version 0.29-a0-1047-g7c58e119a4 (webtiles) character file.

Game seed: 4500478200415577528

744 ytrimaz the Insei (level 7, 0/78 HPs)
             Began as a Demonspawn Transmuter on Aug 17, 2022.
             Slain by a killer bee (7 damage)
             ... on level 5 of the Dungeon.
             The game lasted 00:05:33 (4831 turns).

ytrimaz the Insei (Demonspawn Transmuter)           Turns: 4831, Time: 00:05:33

Health: 0/78       AC:  3    Str: 10    XL:     7   Next: 47%
Magic:  10/10      EV: 13    Int: 22    God:
Gold:   237        SH:  0    Dex: 14    Spells: 4/10 levels left

rFire   + . .      SeeInvis .     - Unarmed
rCold   + . .      Faith    .   (no shield)
rNeg    . . .      Spirit   .   a - +0 robe
rPois   .          Reflect  .   (no helmet)
rElec   .          Harm     .   g - scarf {rC+ rF+}
rCorr   .          Rampage  .   (no gloves)
Will    .....                   (no boots)
Stlth   ..........              (no amulet)
HPRegen 0.23/turn               c - +6 ring of intelligence
MPRegen 0.24/turn               n - ring of wizardry

@: confused, berserking, lethally poisoned (0 -> -7), ambrosia-drunk, very quick
A: rugged brown scales 1, ignite blood 2, magic regeneration, weakness stinger 2
a: no special abilities


You were on level 5 of the Dungeon.
You visited 1 branch of the dungeon, and saw 5 of its levels.

You collected 237 gold pieces.

Inventory:

Missiles
 j - 3 throwing nets
Armour
 a - a +0 robe (worn)
 g - a scarf of resistance (worn)
 l - a +0 plate armour
Jewellery
 c - a +6 ring of intelligence (left hand)
 f - a ring of protection from cold
 n - a ring of wizardry (right hand)
Wands
 o - a wand of paralysis (4)
Scrolls
 k - a scroll of amnesia
 p - a scroll of fog
 s - a scroll of identify
Potions
 e - 2 potions of flight
 h - a potion of mutation {unknown}
 i - 3 potions of haste {unknown}
 m - 3 potions of lignification
 q - 2 potions of degeneration {unknown}
 r - a potion of heal wounds {unknown}


   Skills:
 + Level 2.7 Fighting
 + Level 4.2 Dodging
 + Level 6.6 Unarmed Combat
 - Level 2.0 Spellcasting
 - Level 1.7 Transmutations
 + Level 0.3 Poison Magic


You had 4 spell levels left.
You knew the following spells:

 Your Spells              Type           Power      Damage    Failure   Level
a - Beastly Appendage     Tmut           18%        N/A       2%          1
b - Wereblood             Tmut           9%         N/A       4%          2
c - Spider Form           Tmut/Pois      6%         N/A       11%         3

Your spell library contained the following spells:

 Spells                   Type           Power      Damage    Failure   Level
 Passwall                 Tmut/Erth      5%         N/A       6%          2
 Ensorcelled Hibernation  Hex/Ice        4%         N/A       9%          2
 Swiftness                Air            2%         N/A       16%         3
 Ice Form                 Ice/Tmut       6%         N/A       34%         4


Dungeon Overview and Level Annotations

Branches:
Dungeon (5/15)
 Temple: D:4-7

Altars:
Dithmenos
Gozag
Makhleb
Qazlal
Yredelemnul

Annotations:
D:4 3 runed translucent doors, Sobieck's ghost, amateur TrFi


Innate Abilities, Weirdness & Mutations

You are partially covered in rugged brown scales. (AC +1, +3% HP)
Your demonic aura often causes spilled blood to erupt in flames.
You regenerate magic rapidly.
You have a tail ending in a sharp stinger.


Message History

The killer bee barely misses you.
Your transformation is almost over.
You feel sick. The killer bee barely misses you.
You feel sick. The killer bee stings you.
You are more poisoned.
The killer bee poisons you!
Your magical contamination has completely faded away.
The killer bee attacks as you move away!
The killer bee stings you.
You are more poisoned.
The killer bee poisons you!
You feel very sick.
You feel very sick.
You feel sick. The killer bee stings you.
* * * LOW HITPOINT WARNING * * *
The killer bee attacks as you move away!
The killer bee stings you.
* * * LOW HITPOINT WARNING * * *
You are more poisoned.
The killer bee poisons you!
* * * LOW HITPOINT WARNING * * *
You feel very sick.
You are confused.
You feel invigorated.
* * * LOW HITPOINT WARNING * * *
You feel very sick.
Unknown command.
It was a potion of berserk rage.
A red film seems to cover your vision as you go berserk!
You feel yourself moving faster!
You feel mighty!
* * * LOW HITPOINT WARNING * * *
You feel very sick.
Unknown command.
You are too berserk!
You bump into the rock wall.
You feel a strong urge to attack something.
Your horns disappear.
Your talons disappear.
* * * LOW HITPOINT WARNING * * *
You feel sick. The killer bee stings you!
You die...

#≈.(^##.#
....^..^##
.._......#
.^.......#
#≈..^≈≈^.#########
≈...≈.#≈.........#
#^..#.#.########.#
....≈..## #<#
...##### #@# ..##
#y# ..# #y# ## ..#
#y# ..# ..# #.#
#.# #.#
##.##########..##
#.###
#...............#
....#
#...........#.#.#
#.#.#
#.#########.#


You could see 3 killer bees.

Vanquished Creatures
  A black bear (D:5)
  2 ogres
  A phantom (D:5)
  A scorpion (D:4)
  A hound (D:3)
  A gnoll bouda (D:5)
  An iguana (D:4)
  2 orc wizards (D:4)
  6 gnolls
  9 adders
  A worm (D:2)
  A dart slug (D:2)
  7 orcs
  7 ball pythons
  6 endoplasms
  2 giant cockroaches
  9 hobgoblins
  3 jackals (D:1)
  4 quokkas
  6 bats
  3 frilled lizards
  6 goblins
  9 rats
89 creatures vanquished.

Notes
Turn   | Place    | Note
-------+----------+-------------------------------------------
     0 | D:1      | ytrimaz the Demonspawn Transmuter began the quest for the
                  | Orb.
     0 | D:1      | Reached XP level 1. HP: 15/15 MP: 3/3
   205 | D:1      | Reached skill level 3 in Unarmed Combat
   295 | D:1      | Gained mutation: You have a small tail. [demonic ancestry]
   295 | D:1      | Reached XP level 2. HP: 21/21 MP: 3/5
   311 | D:1      | Learned a level 2 spell: Wereblood
  1038 | D:2      | Gained mutation: You are partially covered in rugged brown
                  | scales. (AC +1, +3% HP) [demonic ancestry]
  1038 | D:2      | Reached XP level 3. HP: 21/26 MP: 4/6
  1201 | D:2      | Reached skill level 4 in Unarmed Combat
  1461 | D:2      | Noticed an ogre
  1477 | D:2      | Gained mutation: Your demonic aura sometimes causes spilled
                  | blood to erupt in flames. [demonic ancestry]
  1477 | D:2      | Reached XP level 4. HP: 32/32 MP: 4/7
  1479 | D:2      | Killed an ogre
  1480 | D:2      | Gained mutation: Your demonic aura often causes spilled
                  | blood to erupt in flames. [demonic ancestry]
  1480 | D:2      | Reached XP level 5. HP: 38/38 MP: 4/8
  1611 | D:2      | Found a shadowy altar of Dithmenos.
  2161 | D:3      | Learned a level 3 spell: Spider Form
  2321 | D:3      | Reached skill level 5 in Unarmed Combat
  2673 | D:3      | Found a burning altar of Makhleb.
  2963 | D:3      | Found a basalt altar of Yredelemnul.
  3557 | D:4      | Gained mutation: You regenerate magic rapidly. [demonic
                  | ancestry]
  3557 | D:4      | Reached XP level 6. HP: 41/45 MP: 9/9
  4181 | D:4      | Found a runed translucent gate.
  4182 | D:4      | Found a runed translucent gate.
  4182 | D:4      | Found an opulent altar of Gozag.
  4183 | D:4      | Found a runed translucent gate.
  4185 | D:4      | Noticed Sobieck's ghost (amateur TrFi)
  4385 | D:4      | You fall into a shaft and drop 1 floor!
  4385 | D:5      | Entered Level 5 of the Dungeon
  4393 | D:5      | Reached skill level 6 in Unarmed Combat
  4393 | D:5      | Gained mutation: You have a tail ending in a sharp stinger.
                  | [demonic ancestry]
  4393 | D:5      | Reached XP level 7. HP: 43/52 MP: 7/10
  4669 | D:5      | Found a stormy altar of Qazlal.
  4831 | D:5      | Slain by a killer bee

Illustrated notes

Levels and vault maps discovered:
D:1:      matt_arrival_diagonals, layout_loops_ring
D:2:      wad_river_or_something, layout_basic, minmay_hexomino_r4
D:3:      cheibrodos_greedy_goblins, layout_loops_corners,
          mainiacjoe_overflow_big_doors, grunt_ministairs_6, roderic_lattice_a,
          nicolae_concentric_dashed_squares_mild
D:4:      layout_layer_cave, kennysheep_mini_moat,
          pdpol_wu_jian_five_deadly_venoms, ebering_ghost_gozag,
          minmay_pentangle
D:5:      layout_loops_ring, grunt_qazlal_sundering, slow_altar_1

Skill      XL: |  1  2  3  4  5  6  7 |
---------------+----------------------+-----
Unarmed Combat | 3 4 5 6 |  6.6
Dodging        | 2 3 4 |  4.2
Fighting       | 2 |  2.7
Spellcasting   | |  2.0
Transmutations | |  1.7
Poison Magic   | |  0.3

Action                   |  1- 3 |  4- 6 |  7- 9 || total
-------------------------+-------+-------+-------++-------
Melee: Unarmed           |   107 |   123 |    33 ||   263
       Kick              |    18 |    22 |     2 ||    42
       Headbutt          |    14 |    17 |       ||    31
       Tailslap          |     4 |     8 |       ||    12
       Punch             |     2 |     3 |       ||     5
 Cast: Beastly Appendage |    29 |    24 |     4 ||    57
       Wereblood         |     1 |     1 |     3 ||     5
       Spider Form       |       |     2 |     3 ||     5
  Use: Scroll            |     4 |     4 |       ||     8
       Potion            |     2 |       |     2 ||     4
 Stab: Sleeping          |     1 |     1 |       ||     2
Armor: Robe              |    25 |    26 |     5 ||    56
       Skin              |     6 |       |     2 ||     8
Dodge: Dodged            |    79 |    69 |    35 ||   183

Table legend: (Time is in decaauts)
 A = Elapsed time spent in this place.
 B = Non-inter-level travel time spent in this place.
 C = Inter-level travel time spent in this place.
 D = Time resting spent in this place.
 E = Time spent auto-exploring this place.
 F = Levels seen in this place.
 G = Mean time per level.
                   A        B        C        D        E       F      G
               +--------+--------+--------+--------+--------+-----+--------+
         Total |   4812 |   4639 |    173 |    471 |   3286 |   5 |  962.4 |
       Dungeon |   4812 |   4639 |    173 |    471 |   3286 |   5 |  962.4 |
               +--------+--------+--------+--------+--------+-----+--------+

Top non-repeatable levels by time:
     D:3: 1815 daAuts
     D:2: 1215 daAuts
     D:1: 920 daAuts
     D:5: 441 daAuts
     D:4: 419 daAuts
